ESL (28 & UNDER)
RIO GRANDE RATTLESNAKE @ NEWARK BULLDOGS
06/19/2027
 
TOP OF THE 1ST
Rio Grande Rattlesnake batting - Pitching for Newark Bulldogs : RHP Juan González
Pitching: RHP Juan González
Batting: SHB William Daly 0-0: Foul Ball, location: 2F
0-1: Foul Ball, location: 2F
0-2: Strikes out swinging
Batting: LHB Claudio Rodríguez 0-0: Ball
1-0: Foul Ball, location: 2F
1-1: Foul Ball, location: 2F
1-2: Strikes out looking
Batting: RHB Paul Martin 0-0: Ball
1-0: Ball
2-0: SINGLE (Line Drive, 78S)
Batting: RHB Miguel Hernández 0-0: Called Strike
0-1: Ball
1-1: Foul Ball, location: 2F
1-2: Strikes out looking
Top of the 1st over - 0 run(s), 1 hit(s), 0 error(s), 1 left on base; Rio Grande 0 - Newark 0
BOTTOM OF THE 1ST
Newark Bulldogs batting - Pitching for Rio Grande Rattlesnake : RHP Gene O'Neal
Pitching: RHP Gene O'Neal
Batting: LHB Gerardo Guzmán 0-0: Swinging Strike
0-1: Foul Ball, location: 2F
0-2: Strikes out swinging
Batting: RHB Norris Howard 0-0: Ball
1-0: Foul Ball, location: 2F
1-1: Ball
2-1: Foul Ball, location: 2F
2-2: Ground out 6-3 (Groundball, 6)
Batting: LHB Frank Jackson 0-0: Called Strike
0-1: Foul Ball, location: 2F
0-2: Ground out 6-3 (Groundball, 6)
Bottom of the 1st over - 0 run(s), 0 hit(s), 0 error(s), 0 left on base; Rio Grande 0 - Newark 0
TOP OF THE 2ND
Rio Grande Rattlesnake batting - Pitching for Newark Bulldogs : RHP Juan González
Batting: RHB Joe Courtier 0-0: Called Strike
0-1: Foul Ball, location: 2F
0-2: Ball
1-2: Strikes out looking
Batting: RHB Gary Thomas 0-0: Foul Ball, location: 2F
0-1: Called Strike
0-2: Foul Ball, location: 2F
0-2: Ball
1-2: Ball
2-2: Ball
3-2: DOUBLE (Flyball, 78XD)
Batting: RHB Rafael Carreón 0-0: Foul Ball, location: 2F
0-1: Ball
1-1: Swinging Strike
1-2: Strikes out swinging
Batting: RHB Iván De Jesús 0-0: Called Strike
0-1: Swinging Strike
0-2: Ball
1-2: Ball
2-2: Ball
3-2: Strikes out swinging
Top of the 2nd over - 0 run(s), 1 hit(s), 0 error(s), 1 left on base; Rio Grande 0 - Newark 0
BOTTOM OF THE 2ND
Newark Bulldogs batting - Pitching for Rio Grande Rattlesnake : RHP Gene O'Neal
Batting: RHB Randy Simons 0-0: Ball
1-0: Foul Ball, location: 2F
1-1: SINGLE (Groundball, 6MD)
Batting: LHB Gabriel MacNeill 0-0: Called Strike
0-1: Ball
1-1: Ball
2-1: Ball
3-1: Foul Ball, location: 2F
3-2: Strikes out swinging
Batting: RHB Tony Long 0-0: Ball
Randy Simons steals 2nd base
1-0: Ball
2-0: Ball
3-0: Called Strike
3-1: Called Strike
3-2: Strikes out looking
Batting: RHB Perry Henry 0-0: Ball
1-0: Foul Ball, location: 2F
1-1: Swinging Strike
1-2: Foul Ball, location: 2F
1-2: Foul Ball, location: 2F
1-2: Foul Ball, location: 2F
1-2: Ball
2-2: Ball
3-2: Ground out U3 (Groundball, 34)
Bottom of the 2nd over - 0 run(s), 1 hit(s), 0 error(s), 1 left on base; Rio Grande 0 - Newark 0
TOP OF THE 3RD
Rio Grande Rattlesnake batting - Pitching for Newark Bulldogs : RHP Juan González
Batting: RHB Jeff Bane 0-0: Ball
1-0: Foul Ball, location: 2F
1-1: SINGLE (Line Drive, 6MD)
Batting: SHB William Daly 0-0: Ball
1-0: Fly out, F7 (Flyball, 7)
Batting: LHB Claudio Rodríguez 0-0: Ball
Jeff Bane is caught stealing 2nd base
1-0: Called Strike
1-1: Foul Ball, location: 2F
1-2: Foul Ball, location: 2F
1-2: Foul Ball, location: 2F
1-2: Ball
2-2: Ball
3-2: Ground out 3-1 (Groundball, 34)
Top of the 3rd over - 0 run(s), 1 hit(s), 0 error(s), 0 left on base; Rio Grande 0 - Newark 0
BOTTOM OF THE 3RD
Newark Bulldogs batting - Pitching for Rio Grande Rattlesnake : RHP Gene O'Neal
Batting: RHB Bartolo Montero 0-0: Ball
1-0: Ball
2-0: Called Strike
2-1: Ball
3-1: Base on Balls
Batting: LHB Ángel Tuzzi 0-0: SINGLE (Groundball, 6) (infield hit)
Bartolo Montero to second
Batting: LHB Gerardo Guzmán 0-0: Foul Ball, location: 2F
0-1: Foul Ball, location: 2F
0-2: Foul Ball, location: 2F
0-2: SINGLE (Line Drive, 6D)
Bartolo Montero to third
Ángel Tuzzi to second
Batting: RHB Norris Howard 0-0: Fielders Choice at 2nd, 5-4 (Groundball, 56)
Bartolo Montero scores
Ángel Tuzzi to third
Batting: LHB Frank Jackson 0-0: SINGLE (Groundball, 56D)
Ángel Tuzzi scores
Norris Howard to second
Batting: RHB Randy Simons 0-0: Ball
1-0: Ball
2-0: Ball
3-0: Base on Balls
Norris Howard to third
Frank Jackson to second
Batting: LHB Gabriel MacNeill 0-0: Ball
1-0: Ball
2-0: Fielders Choice at 2nd, 3-6 (Groundball, 34)
Norris Howard scores
Frank Jackson to third
Batting: RHB Tony Long 0-0: Ball
1-0: Foul Ball, location: 2F
1-1: Foul Ball, location: 2F
1-2: Ball
2-2: Ball
3-2: SINGLE (Line Drive, 6MD)
Frank Jackson scores
Gabriel MacNeill to second
Gabriel MacNeill to third
Batting: RHB Perry Henry 0-0: Ball
1-0: Fly out, F9 (Flyball, 9S)
Bottom of the 3rd over - 4 run(s), 4 hit(s), 0 error(s), 2 left on base; Rio Grande 0 - Newark 4
TOP OF THE 4TH
Rio Grande Rattlesnake batting - Pitching for Newark Bulldogs : RHP Juan González
Batting: RHB Paul Martin 0-0: Foul Ball, location: 2F
0-1: Swinging Strike
0-2: Foul Ball, location: 2F
0-2: Foul Ball, location: 2F
0-2: Foul Ball, location: 2F
0-2: Ball
1-2: SINGLE (Line Drive, 6D)
Batting: RHB Miguel Hernández 0-0: Ball
1-0: Ball
2-0: Ball
Wild Pitch!
Paul Martin to second
3-0: Base on Balls
Batting: RHB Joe Courtier 0-0: Called Strike
0-1: Ball
1-1: Ball
2-1: Foul Ball, location: 2F
2-2: Ball
3-2: Base on Balls
Paul Martin to third
Miguel Hernández to second
Batting: RHB Gary Thomas 0-0: Fly out, F8 (Line Drive, 8RM)
Runner from 3rd tags up, SCORES, throw made
Batting: RHB Rafael Carreón 0-0: Foul Ball, location: 2F
0-1: Ball
1-1: Foul Ball, location: 2F
1-2: Strikes out looking
Batting: RHB Iván De Jesús 0-0: Foul Ball, location: 2F
0-1: Ball
1-1: Foul Ball, location: 2F
1-2: Strikes out swinging
Top of the 4th over - 1 run(s), 1 hit(s), 0 error(s), 2 left on base; Rio Grande 1 - Newark 4
BOTTOM OF THE 4TH
Newark Bulldogs batting - Pitching for Rio Grande Rattlesnake : RHP Gene O'Neal
Batting: RHB Bartolo Montero 0-0: Called Strike
0-1: Foul Ball, location: 2F
0-2: Ball
1-2: Ball
2-2: Strikes out swinging
Batting: LHB Ángel Tuzzi 0-0: Called Strike
0-1: Fly out, F3 (Popup, 3D)
Batting: LHB Gerardo Guzmán 0-0: Called Strike
0-1: Hit by Pitch
Batting: RHB Norris Howard 0-0: Called Strike
Gerardo Guzmán is caught stealing 2nd base
Bottom of the 4th over - 0 run(s), 0 hit(s), 0 error(s), 0 left on base; Rio Grande 1 - Newark 4
TOP OF THE 5TH
Rio Grande Rattlesnake batting - Pitching for Newark Bulldogs : RHP Juan González
Batting: RHB Jeff Bane 0-0: Foul Ball, location: 2F
0-1: Ball
1-1: Swinging Strike
1-2: Ball
2-2: Strikes out looking
Batting: SHB William Daly 0-0: Ball
1-0: Ball
2-0: Foul Ball, location: 2F
2-1: Swinging Strike
2-2: Ball
3-2: Base on Balls
Batting: LHB Claudio Rodríguez 0-0: Foul Ball, location: 2F
0-1: Swinging Strike
0-2: Foul Ball, location: 2F
0-2: Ball
1-2: Strikes out swinging
Batting: RHB Paul Martin 0-0: Called Strike
0-1: Ball
1-1: Foul Ball, location: 2F
1-2: Ball
2-2: Ball
William Daly steals 2nd base
3-2: SINGLE (Groundball, 56D)
William Daly to third
William Daly scores
Pitching: RHP José Gonzáles
Batting: RHB Miguel Hernández 0-0: Ball
1-0: Ball
2-0: Foul Ball, location: 2F
2-1: Swinging Strike
2-2: Ball
3-2: Foul Ball, location: 2F
3-2: Base on Balls
Paul Martin to second
Batting: RHB Joe Courtier 0-0: Called Strike
0-1: Swinging Strike
0-2: Ball
1-2: DOUBLE (Flyball, 89XD)
Paul Martin scores
Miguel Hernández to third
Runner from 3rd tries for Home, throw and OUT!
Top of the 5th over - 2 run(s), 2 hit(s), 0 error(s), 1 left on base; Rio Grande 3 - Newark 4
BOTTOM OF THE 5TH
Newark Bulldogs batting - Pitching for Rio Grande Rattlesnake : RHP Gene O'Neal
Batting: RHB Norris Howard 0-0: Ball
1-0: Ball
2-0: Ball
3-0: Called Strike
3-1: DOUBLE (Flyball, 78M)
Batting: LHB Frank Jackson 0-0: Called Strike
0-1: Called Strike
0-2: Ball
1-2: Fly out, F8 (Line Drive, 8LM)
Batting: RHB Randy Simons 0-0: Called Strike
0-1: Ball
1-1: Swinging Strike
1-2: Foul Ball, location: 2F
1-2: Strikes out swinging
Batting: LHB Gabriel MacNeill 0-0: Fly out, F3 (Line Drive, 34)
Bottom of the 5th over - 0 run(s), 1 hit(s), 0 error(s), 1 left on base; Rio Grande 3 - Newark 4
TOP OF THE 6TH
Rio Grande Rattlesnake batting - Pitching for Newark Bulldogs : RHP José Gonzáles
Batting: RHB Gary Thomas 0-0: Ball
1-0: Ball
2-0: Foul Ball, location: 2F
2-1: Foul Ball, location: 2F
2-2: Fly out, F8 (Flyball, 8LM)
Batting: RHB Rafael Carreón 0-0: Called Strike
0-1: Ball
1-1: Foul Ball, location: 2F
1-2: Fly out, F9 (Flyball, 9LS)
Batting: RHB Iván De Jesús 0-0: Ball
1-0: Ball
2-0: Swinging Strike
2-1: Ball
3-1: Called Strike
3-2: SOLO HOME RUN (Flyball, 78XD), Distance : 387 ft
Batting: RHB Jeff Bane 0-0: Ground out 6-3 (Groundball, 6)
Top of the 6th over - 1 run(s), 1 hit(s), 0 error(s), 0 left on base; Rio Grande 4 - Newark 4
BOTTOM OF THE 6TH
Newark Bulldogs batting - Pitching for Rio Grande Rattlesnake : RHP Gene O'Neal
Batting: RHB Tony Long 0-0: Ball
1-0: Called Strike
1-1: Called Strike
1-2: Strikes out swinging
Batting: RHB Perry Henry 0-0: Called Strike
0-1: Ball
1-1: Ball
2-1: Ground out 3-1 (Groundball, 34)
Batting: RHB Bartolo Montero 0-0: Ball
1-0: Ground out 5-3 (Groundball, 56S)
Bottom of the 6th over - 0 run(s), 0 hit(s), 0 error(s), 0 left on base; Rio Grande 4 - Newark 4
TOP OF THE 7TH
Rio Grande Rattlesnake batting - Pitching for Newark Bulldogs : RHP José Gonzáles
Batting: SHB William Daly 0-0: Ball
1-0: Ball
2-0: Called Strike
2-1: Fly out, F9 (Flyball, 9)
Batting: LHB Claudio Rodríguez 0-0: Ball
1-0: Fly out, F7 (Flyball, 7S)
Batting: RHB Paul Martin 0-0: Called Strike
0-1: Foul Ball, location: 2F
0-2: SINGLE (Flyball, 9LS)
Batting: RHB Miguel Hernández 0-0: Ball
1-0: Called Strike
1-1: Ball
2-1: Foul Ball, location: 2F
2-2: Ball
3-2: Foul Ball, location: 2F
3-2: Strikes out swinging
Top of the 7th over - 0 run(s), 1 hit(s), 0 error(s), 1 left on base; Rio Grande 4 - Newark 4
BOTTOM OF THE 7TH
Newark Bulldogs batting - Pitching for Rio Grande Rattlesnake : RHP Gene O'Neal
Pitching: RHP Frank Martin
Pinch Hitting: RHB Ken McDonald 0-0: Called Strike
0-1: Ball
1-1: Foul Ball, location: 2F
1-2: SINGLE (Groundball, 6MD)
Batting: LHB Gerardo Guzmán 0-0: Sac Bunt - play at first, batter OUT! 2-4
Ken McDonald to second
Pinch Hitting: LHB Wes Stone 0-0: Ground out 1-3 (Groundball, 13S)
Ken McDonald to third
Batting: LHB Frank Jackson 0-0: Called Strike
0-1: Ground out 5-3 (Groundball, 56S)
Bottom of the 7th over - 0 run(s), 1 hit(s), 0 error(s), 1 left on base; Rio Grande 4 - Newark 4
TOP OF THE 8TH
Rio Grande Rattlesnake batting - Pitching for Newark Bulldogs : RHP José Gonzáles
Pitching: RHP Jim Cook
Now in LF: Wes Stone
Now in CF: Iván Vázquez
Pinch Hitting: SHB Ralph Robison 0-0: Ball
1-0: Foul Ball, location: 2F
1-1: Foul Ball, location: 2F
1-2: SINGLE (Groundball, 56D)
Pinch Runner at 1st Chris Charles:
Batting: RHB Gary Thomas 0-0: Ball
Chris Charles steals 2nd base
1-0: Intentional Walk
Batting: RHB Rafael Carreón 0-0: Bunted foul
0-1: Bunt - Flyout! F1
Batting: RHB Iván De Jesús 0-0: Ball
Chris Charles steals 3rd base
Gary Thomas to second
1-0: Ground out 1-3 (Groundball, 15S)
Batting: RHB Jeff Bane 0-0: Ball
1-0: Ball
2-0: Ball
3-0: Base on Balls
Batting: SHB William Daly 0-0: Ball
1-0: Called Strike
1-1: Fly out, F6 (Popup, 56D)
Top of the 8th over - 0 run(s), 1 hit(s), 0 error(s), 3 left on base; Rio Grande 4 - Newark 4
BOTTOM OF THE 8TH
Newark Bulldogs batting - Pitching for Rio Grande Rattlesnake : RHP Frank Martin
Now in LF: Doug Delaney
Batting: RHB Randy Simons 0-0: Called Strike
0-1: Called Strike
0-2: Ball
1-2: Foul Ball, location: 2F
1-2: Foul Ball, location: 2F
1-2: Ball
2-2: SINGLE (Line Drive, 8LS)
Pinch Hitting: RHB Michael Skinner 0-0: Called Strike
0-1: Ball
1-1: Ball
2-1: Swinging Strike
2-2: Foul Ball, location: 2F
2-2: Strikes out swinging
Batting: RHB Tony Long 0-0: Reached on error, E8 (Flyball, 8LM)
Randy Simons to second
Pinch Hitting: SHB Rafael Villa 0-0: Called Strike
0-1: Fly out, F8 (Flyball, 8LM)
Batting: RHB Bartolo Montero 0-0: Swinging Strike
0-1: Ball
1-1: Foul Ball, location: 2F
1-2: Foul Ball, location: 2F
1-2: Ball
2-2: SINGLE (Line Drive, 89S)
Randy Simons to third
Tony Long to second
Runner from 3rd tries for Home, SAFE, no throw
Batting: LHB Iván Vázquez 0-0: Called Strike
0-1: SINGLE (Flyball, 89S)
Tony Long to third
Bartolo Montero to second
Batting: LHB Gerardo Guzmán 0-0: Ball
1-0: Called Strike
1-1: Foul Ball, location: 2F
1-2: Strikes out swinging
Bottom of the 8th over - 1 run(s), 3 hit(s), 1 error(s), 3 left on base; Rio Grande 4 - Newark 5
TOP OF THE 9TH
Rio Grande Rattlesnake batting - Pitching for Newark Bulldogs : RHP Jim Cook
Pitching: RHP Russ Brown
Now at 3B: Wilson Flores
Now in RF: Michael Skinner
Batting: LHB Claudio Rodríguez 0-0: Ball
1-0: Ball
2-0: Ball
3-0: Base on Balls
Pinch Runner at 1st David Suarze:
Batting: RHB Paul Martin 0-0: Called Strike
0-1: Foul Ball, location: 2F
0-2: Fly out, F7 (Flyball, 7LSF)
Batting: RHB Miguel Hernández 0-0: Called Strike
David Suarze steals 2nd base
0-1: Ball
1-1: Ball
2-1: Ball
3-1: Base on Balls
Pinch Hitting: RHB Liangde Que 0-0: Ball
Throwing error on steal attempt, E2
David Suarze scores
Miguel Hernández to third
1-0: Foul Ball, location: 2F
1-1: Ball
2-1: Foul Ball, location: 2F
2-2: Strikes out swinging
Batting: RHB Gary Thomas 0-0: Foul Ball, location: 2F
0-1: Foul Ball, location: 2F
0-2: Ball
1-2: Ball
2-2: Fly out, F8 (Flyball, 8RD)
Top of the 9th over - 1 run(s), 0 hit(s), 1 error(s), 1 left on base; Rio Grande 5 - Newark 5
BOTTOM OF THE 9TH
Newark Bulldogs batting - Pitching for Rio Grande Rattlesnake : RHP Frank Martin
Now at 1B: Liangde Que
Now in LF: David Suarze
Batting: LHB Wes Stone 0-0: Ball
1-0: Ball
2-0: Foul Ball, location: 2F
2-1: Ball
3-1: Base on Balls
Batting: LHB Frank Jackson 0-0: Ball
1-0: Foul Ball, location: 2F
1-1: Ball
2-1: Fly out, F7 (Flyball, 7D)
Batting: RHB Randy Simons 0-0: Ball
1-0: Called Strike
1-1: Swinging Strike
1-2: Ball
2-2: DOUBLE (Groundball, 5L)
Wes Stone to third
Batting: RHB Michael Skinner 0-0: Intentional Walk
Pitching: RHP Adrián Mora
Batting: RHB Tony Long 0-0: Fly out, F8 (Flyball, 89S)
Pinch Hitting: LHB Owen Moreno 0-0: Called Strike
0-1: Called Strike
0-2: Strikes out looking
Bottom of the 9th over - 0 run(s), 1 hit(s), 0 error(s), 3 left on base; Rio Grande 5 - Newark 5
TOP OF THE 10TH
Rio Grande Rattlesnake batting - Pitching for Newark Bulldogs : RHP Russ Brown
Now at 3B: Juan Martínez
Batting: RHB Rafael Carreón 0-0: Called Strike
0-1: Ball
1-1: Foul Ball, location: 2F
1-2: Ball
2-2: Ball
3-2: Strikes out swinging
Batting: RHB Iván De Jesús 0-0: Ball
1-0: Swinging Strike
1-1: Ball
2-1: Foul Ball, location: 2F
2-2: Strikes out swinging
Batting: RHB Jeff Bane 0-0: Called Strike
0-1: Ball
1-1: Ball
2-1: Foul Ball, location: 2F
2-2: Ball
3-2: Base on Balls
Batting: SHB William Daly 0-0: Called Strike
Jeff Bane steals 2nd base
0-1: Ball
1-1: Called Strike
1-2: Ball
2-2: Ball
3-2: Base on Balls
Pitching: LHP Weston Harper
Pinch Hitting: RHB Juan López 0-0: DOUBLE (Line Drive, 7LM)
Jeff Bane scores
William Daly to third
Runner from 3rd tries for Home, SAFE, no throw
Batting: RHB Paul Martin 0-0: Called Strike
0-1: Called Strike
0-2: Ball
1-2: Strikes out looking
Top of the 10th over - 2 run(s), 1 hit(s), 0 error(s), 1 left on base; Rio Grande 7 - Newark 5
BOTTOM OF THE 10TH
Newark Bulldogs batting - Pitching for Rio Grande Rattlesnake : RHP Adrián Mora
Pitching: LHP Enrico Lozano
Now in LF: Juan López
Batting: RHB Bartolo Montero 0-0: Ball
1-0: Swinging Strike
1-1: Ball
2-1: Ball
3-1: Foul Ball, location: 2F
3-2: SINGLE (Line Drive, 8LS)
Batting: LHB Iván Vázquez 0-0: Ball
1-0: Called Strike
1-1: Foul Ball, location: 2F
1-2: Ball
2-2: Foul Ball, location: 2F
2-2: Ball
3-2: Strikes out swinging
Bartolo Montero is caught stealing 2nd base
Batter strikes out.
Batting: LHB Gerardo Guzmán 0-0: Ball
1-0: Foul Ball, location: 2F
1-1: SINGLE (Flyball, 8LS)
Pinch Hitting: RHB António Flores 0-0: Called Strike
0-1: Swinging Strike
0-2: Ball
1-2: Ball
2-2: Strikes out swinging
Bottom of the 10th over - 0 run(s), 2 hit(s), 0 error(s), 1 left on base; Rio Grande 7 - Newark 5
Thursday, March 30th, 2017 - OOTP Baseball 17.12 Build 75